 Dungeon Crawl Stone Soup version 0.30-a0-1075-gcd70e7a56d (webtiles) character file.

Game seed: 14227967323947167587

7952 kae the Severer (level 11, -3/105 HPs)
             Began as a Hill Orc Fighter on Apr 14, 2023.
             Was a Believer of Qazlal.
             Slain by a two-headed ogre
             ... wielding a +0 giant club
              (25 damage)
             ... on level 8 of the Dungeon.
             The game lasted 00:06:24 (6882 turns).

kae the Severer (Hill Orc Fighter)                  Turns: 6882, Time: 00:06:25

Health: -3/105     AC: 15    Str: 24    XL:     11   Next: 23%
Magic:  15/15      EV:  8    Int:  8    God:    Qazlal [**....]
Gold:   653        SH: 11    Dex: 10    Spells: 10/10 levels left

rFire   . . .      SeeInvis +    a - +1 war axe (spect)
rCold   + + .      Faith    .    o - +0 kite shield
rNeg    . . .      Spirit   .    k - +6 scale mail of Paploruri {rC+ Will++}
rPois   .          Reflect  .    (no helmet)
rElec   .          Rampage  .    (no cloak)
rCorr   .                        x - +0 pair of gloves
Will    ++...                    q - +0 pair of boots Stlth
                                 (no amulet)
HPRegen 0.37/turn                C - ring of protection from cold
MPRegen 0.14/turn                v - ring of see invisible

@: studying Stealth
A: no striking features
a: Renounce Religion, Upheaval


You were on level 8 of the Dungeon.
You worshipped Qazlal.
Qazlal was pleased with you.
You visited 2 branches of the dungeon, and saw 9 of its levels.

You collected 653 gold pieces.


   Skills:
 - Level 12.5 Fighting
 - Level 16.0 Axes
 + Level 3.5 Armour
 + Level 0.5 Dodging
 - Level 5.0 Shields
 - Level 6.0 Invocations


You had 10 spell levels left.
You didn't know any spells.
Your spell library contained the following spells:

 Spells                   Type           Power      Damage    Failure   Level
 Necrotise                Necr           0%         1d4       96%         1
 Shock                    Conj/Air       0%         1d3       96%         1
 Summon Small Mammal      Summ           0%         N/A       96%         1
 Poisonous Vapours        Pois/Air       0%         N/A       99%         2
 Call Canine Familiar     Summ           0%         N/A       100%        3
 Ignite Poison            Fire/Tmut/Pois 0%         N/A       100%        3
 Portal Projectile        Hex/Tloc       0%         N/A       100%        3
 Summon Guardian Golem    Hex/Summ       0%         N/A       100%        3
 Tukima's Dance           Hex            0%         N/A       100%        3
 Vampiric Draining        Necr           0%         2d6       100%        3
 Leda's Liquefaction      Hex/Erth       0%         N/A       100%        4
 Sticky Flame             Conj/Fire      0%         2d3       100%        4
 Agony                    Necr           0%         N/A       100%        5
 Arcjolt                  Conj/Air       0%         1d10      100%        5
 Blade Hands              Tmut           0%         N/A       100%        5
 Ignition                 Fire           0%         3d3       100%        8

Inventory:

Hand Weapons
 a - a +1 spectral war axe (weapon)
Missiles
 d - 2 curare-tipped darts {=f}
 f - 17 poisoned darts (quivered)
 l - 11 boomerangs
 n - 42 stones
 w - a throwing net {=f!f}
Armour
 k - the +6 scale mail of Paploruri (worn) {rC+ Will++}
   (You found it on level 3 of the Dungeon)

   rC:        It protects you from cold.
   Will:      It greatly increases your willpower.
 o - a +0 kite shield (worn)
   (You found it on level 1 of the Dungeon)
 q - a +0 pair of boots (worn)
   (You found it on level 3 of the Dungeon)
 x - a +0 pair of gloves (worn)
   (You found it on level 7 of the Dungeon)
Jewellery
 v - a ring of see invisible (right hand)
   (You found it on level 5 of the Dungeon)
 A - an amulet of the acrobat
   (You found it on level 7 of the Dungeon)
 C - a ring of protection from cold (left hand)
   (You found it on level 4 of the Dungeon)
 D - an amulet of reflection
   (You found it on level 8 of the Dungeon)
Wands
 c - a wand of polymorph (4)
   (You found it on level 8 of the Dungeon)
 y - a wand of mindburst (17)
   (You found it on level 7 of the Dungeon)
 z - a wand of flame (17)
   (You found it on level 8 of the Dungeon)
Scrolls
 b - a scroll of torment {!r}
 e - a scroll of enchant armour {unknown}
 i - a scroll of noise {!r}
 p - 2 scrolls of fog
 r - a scroll of magic mapping {!r}
 s - 5 scrolls of identify {@r1}
 B - a scroll of poison
 E - a scroll of blinking {!r}
Potions
 g - a potion of flight
 h - 3 potions of brilliance
 j - 4 potions of curing {@q1}
 m - 5 potions of lignification {!q}
 t - a potion of mutation {unknown}
 u - a potion of heal wounds {@q2}

Dungeon Overview and Level Annotations

Branches:
Dungeon (8/15) Zot: 25711  Temple (1/1) D:7 Zot: 5946
   Lair: D:8-11

Altars:
Ashenzari
Elyvilon
Fedhas
Gozag
Hepliaklqana
Kikubaaqudgha
Makhleb
Okawaru
Qazlal
Ru
Trog
Uskayaw
Vehumet
Wu Jian
Xom
Zin
The Shining One

Shops:
D:6

* .# ##.....................
.# #####...)...<............
## #........................
##.###.....................
###..####...................#
....###.<...................#
....###.......####..........
..............###°.........$
#######.......cO@.)...#.###
#.......###†###...##
#......##..)[)##...#
......##....#..##..#
+###..##..#..##..##.####
#.#..##..###..#)...#
##.###.#...).#....#
.#....)###....')...#
#.......#)###[#....#


You could see a centaur warrior and a two-headed ogre.


Message History

You see here a wyvern corpse. 😕 HP[-6]
You take 6 damage, and now have 99/105 hp.
You slash the kobold brigand!
Your +1 spectral war axe hits the kobold brigand but does no damage.
You feel very sick.
The kobold brigand hits you but does no damage.
You are more poisoned. 😕 HP[-3]
You take 3 damage, and now have 96/105 hp.
You barely miss the kobold brigand.
Your +1 spectral war axe hits the kobold brigand!
You feel very sick.
You block the kobold brigand's attack. 😕 HP[-4]
You take 4 damage, and now have 92/105 hp.
You slash the kobold brigand!
You kill the kobold brigand!
Qazlal accepts your kill.
You feel very sick.
Unknown command. 😕 HP[-2]
You take 2 damage, and now have 90/105 hp.
You feel very sick.
d - 2 curare-tipped darts {=f} (gained 1)
Things that are here:
a +4 long sword of venom; a +1 chain mail of willpower You feel sick. 😕 HP[-5]
You take 5 damage, and now have 85/105 hp.
You feel sick. 😕 HP[-1]
You take 1 damage, and now have 84/105 hp.
You feel sick.
You feel sick.
You feel sick.
You feel sick.
A two-headed ogre is nearby! 😕 HP[-4]
You take 4 damage, and now have 80/105 hp.
A two-headed ogre is nearby!
You feel sick.
The two-headed ogre shouts in stereo!
No target in view!
You feel sick.
A centaur warrior comes into view. 😕 HP[-1]
You take 1 damage, and now have 79/105 hp.
You feel sick.
You are no longer poisoned.
The centaur warrior shouts!
You block the two-headed ogre's attack.
The two-headed ogre hits you but does no damage.
You slash the two-headed ogre! You hit the two-headed ogre.
The two-headed ogre hits you with a +0 giant club.
The two-headed ogre hits you with a +0 giant spiked club!! 😮 HP[-21]
You take 21 damage, and now have 58/105 hp.
You are too injured to fight recklessly!
You are too injured to fight recklessly!
You are too injured to fight recklessly!
You are too injured to fight recklessly!
You slash the two-headed ogre! 😮 HP[+1] Unknown command.
You slash the two-headed ogre!
The two-headed ogre hits you with a +0 giant club!
* * * LOW HITPOINT WARNING * * *
The two-headed ogre closely misses you. 😨 HP[-14]
You take 14 damage, and now have 45/105 hp.
You hit the two-headed ogre. You hit the two-headed ogre.
The two-headed ogre hits you with a +0 giant club!!
* * * LOW HITPOINT WARNING * * *
You block the two-headed ogre's attack. 😱 HP[-19]
You take 19 damage, and now have 26/105 hp.
Unknown command.
You hit the two-headed ogre but do no damage.
You barely miss the two-headed ogre.
The two-headed ogre hits you with a +0 giant club.
* * * LOW HITPOINT WARNING * * *
You block the two-headed ogre's attack. 😱 HP[-6]
You take 6 damage, and now have 20/105 hp.
You hit the two-headed ogre but do no damage.
The two-headed ogre closely misses you.
You block the two-headed ogre's attack. 😱 HP[+1] Unknown command.
You closely miss the two-headed ogre.
You hit the two-headed ogre but do no damage.
You block the two-headed ogre's attack. The two-headed ogre misses you.
Unknown command.
You hit the two-headed ogre. 😱 HP[+1]
You hit the two-headed ogre.
The two-headed ogre hits you with a +0 giant club!!
You die...

Skill      XL: |  1  2  3  4  5  6  7  8  9 10 11 |
---------------+----------------------------------+-----
Axes           | 3 4 5 9 10 13 16 | 16.0
Shields        | 4 5 |  5.0
Invocations    | 6 |  6.0
Fighting       | 11 12 | 12.5
Armour         | |  3.5
Dodging        | |  0.5

Action                     |  1- 3 |  4- 6 |  7- 9 | 10-12 || total
---------------------------+-------+-------+-------+-------++-------
  Melee: War axe           |    78 |    49 |   206 |   145 ||   478
  Evoke: Wand              |       |       |       |     1 ||     1
    Use: Scroll            |    10 |       |     7 |     3 ||    20
         Potion            |       |       |     1 |     4 ||     5
   Stab: Distracted        |       |       |     1 |       ||     1
         Petrified         |       |       |       |     2 ||     2
 Armour: Scale mail        |    47 |    16 |    73 |    43 ||   179
  Dodge: Dodged            |    35 |    10 |    54 |    23 ||   122
  Block: Buckler           |    11 |       |       |       ||    11
         Kite shield       |    11 |    17 |    75 |    51 ||   154

Levels and vault maps discovered:
D:1:      minmay_arrival_five_plusses, layout_loops_cross
D:2:      layout_basic, serial_shops, shop, basic_altar,
          minmay_misc_feat_nine_boxes
D:3:      layout_basic
D:4:      layout_rooms, mainiacjoe_overflow_24_doors, minmay_manual_mares,
          uniq_pikel
D:5:      layout_loops_cross, corexii_corridor_pit, minmay_strange_pillars
D:6:      layout_basic, nicolae_evil_shop, uniq_eustachio
D:7:      layout_basic, minmay_temple_entry_water_ring
D:8:      minmay_the_grid_octo_triangle [minmay_the_grid_octo_pinwheel,
          minmay_the_grid_octo_prize_ultimate_mussel_roller,
          minmay_the_grid_octo_focus], layout_rooms, minitemple,
          minmay_increasing_density
Temple:   hellmonk_temple_divided_pantheon

Notes
Turn   | Place    | Note
-------+----------+-------------------------------------------
     0 | D:1      | kae the Hill Orc Fighter began the quest for the Orb.
     0 | D:1      | Reached XP level 1. HP: 19/19 MP: 1/1
     0 | D:1      | magus.rc [v1.11.3]
    40 | D:1      | Reached skill level 3 in Axes
   219 | D:1      | Reached XP level 2. HP: 26/26 MP: 2/2
   341 | D:1      | Reached skill level 4 in Axes
   812 | D:2      | Found Juukliche's Weapon Emporium.
   956 | D:2      | Found a radiant altar of Vehumet.
  1154 | D:2      | Reached XP level 3. HP: 28/31 MP: 3/3
  1204 | D:2      | Identified the +8 trident "Ophugokh" {flame, rPois rC+
                  | Dex+3}
  1433 | D:3      | Reached skill level 5 in Axes
  1433 | D:3      | Reached XP level 4. HP: 28/39 MP: 4/4
  1442 | D:3      | Reached skill level 4 in Shields
  1544 | D:3      | Identified the +6 scale mail of Paploruri {rC+ Will++}
  1728 | D:3      | You add the spells Shock, Poisonous Vapours and Arcjolt to
                  | your library.
  1728 | D:3      | Got Umariroz's Secrets of Damaging Toxicants
  1937 | D:3      | Reached XP level 5. HP: 45/45 MP: 5/5
  2130 | D:4      | Reached skill level 6 in Axes
  2164 | D:4      | Noticed Pikel
  2164 | D:4      | Noticed a lemure
  2164 | D:4      | Noticed a lemure
  2164 | D:4      | Noticed a lemure
  2168 | D:4      | Noticed a lemure
  2174 | D:4      | Killed Pikel
  2174 | D:4      | Killed a lemure
  2175 | D:4      | Reached skill level 9 in Axes
  2175 | D:4      | Reached skill level 5 in Shields
  2175 | D:4      | Reached XP level 6. HP: 48/51 MP: 6/6
  2175 | D:4      | Reached XP level 7. HP: 54/57 MP: 7/7
  2202 | D:4      | You pick up a book of Necromancy and begin reading...
  2202 | D:4      | You add the spells Necrotise, Vampiric Draining and Agony
                  | to your library.
  2227 | D:4      | Reached skill level 10 in Axes
  2271 | D:4      | Reached XP level 8. HP: 56/64 MP: 8/8
  2409 | D:4      | Reached skill level 11 in Axes
  2461 | D:4      | Found a glowing silver altar of Zin.
  2654 | D:5      | Entered Level 5 of the Dungeon
  2910 | D:5      | Reached skill level 12 in Axes
  3200 | D:5      | You pick up a book of the Hunter and begin reading...
  3200 | D:5      | You add the spells Call Canine Familiar, Portal Projectile
                  | and Leda's Liquefaction to your library.
  3503 | D:6      | Identified the +0 ring mail of Zoecs {rN+}
  3509 | D:6      | Found Wuskyetz's Evil Emporium.
  3714 | D:6      | Reached skill level 13 in Axes
  3731 | D:6      | You pick up a book of Weapons and begin reading...
  3731 | D:6      | You add the spells Tukima's Dance and Blade Hands to your
                  | library.
  3812 | D:6      | Reached XP level 9. HP: 70/70 MP: 9/9
  3817 | D:6      | You pick up a book of Callings and begin reading...
  3817 | D:6      | You add the spells Summon Small Mammal and Summon Guardian
                  | Golem to your library.
  3846 | D:6      | Reached skill level 14 in Axes
  3904 | D:6      | Noticed Eustachio
  3922 | D:6      | Killed Eustachio
  3980 | D:6      | Reached skill level 15 in Axes
  4120 | D:6      | You add the spells Ignite Poison, Sticky Flame and Ignition
                  | to your library.
  4247 | D:7      | HP: 16/70 [steam dragon (4)]
  4421 | D:7      | Found a staircase to the Ecumenical Temple.
  4683 | Temple   | Entered the Ecumenical Temple
  4683 | Temple   | Found a transporter.
  4683 | Temple   | Found a transporter.
  4685 | Temple   | Found a transporter.
  4685 | Temple   | Found a transporter.
  4718 | Temple   | Became a worshipper of Qazlal Stormbringer
  5228 | D:7      | Reached skill level 16 in Axes
  5578 | D:8      | Reached skill level 1 in Invocations
  5578 | D:8      | Reached * piety under Qazlal
  5579 | D:8      | Reached skill level 2 in Invocations
  5621 | D:8      | Noticed a meliai
  5625 | D:8      | Killed a meliai
  5626 | D:8      | Reached skill level 4 in Invocations
  5627 | D:8      | Noticed a catoblepas
  5629 | D:8      | Reached skill level 5 in Invocations
  5632 | D:8      | Noticed a boulder beetle
  5637 | D:8      | Reached skill level 6 in Invocations
  5637 | D:8      | Reached XP level 10. HP: 20/78 MP: 11/14
  5644 | D:8      | Killed a catoblepas
  5645 | D:8      | Reached skill level 6 in Fighting
  5686 | D:8      | Noticed a two-headed ogre
  5710 | D:8      | Reached skill level 7 in Fighting
  5735 | D:8      | HP: 17/87 [wight/+0 spear (6)]
  5736 | D:8      | Reached skill level 8 in Fighting
  5947 | D:8      | Reached skill level 9 in Fighting
  5989 | D:8      | Identified the +3 ring mail "Ahilouja" {*Slow Regen+ Str+8
                  | Int-5}
  6095 | D:8      | Identified the +0 spear of Purpose {freeze, rC+ rN+ Int-2
                  | Dex+2}
  6148 | D:8      | Killed a boulder beetle
  6149 | D:8      | Reached skill level 10 in Fighting
  6295 | D:8      | Reached skill level 11 in Fighting
  6361 | D:8      | Reached XP level 11. HP: 81/102 MP: 15/15
  6371 | D:8      | Noticed a centaur warrior
  6378 | D:8      | HP: 22/104 [centaur warrior/arrow (11)]
  6761 | D:8      | Reached skill level 12 in Fighting
  6776 | D:8      | Killed a centaur warrior
  6776 | D:8      | Reached ** piety under Qazlal
  6867 | D:8      | Noticed a centaur warrior
  6875 | D:8      | HP: 26/105 [two-headed ogre/+0 giant club (20)]
  6882 | D:8      | Slain by a two-headed ogre

Vanquished Creatures
  A catoblepas (D:8)
  A boulder beetle (D:8)
  A centaur warrior (D:8)
  Pikel (D:4)
  A komodo dragon (D:8)
  A troll (D:8)
  A meliai (D:8)
  A hornet (D:8)
  A shadow (D:6)
  2 wyverns (D:8)
  Eustachio (D:6)
  3 steam dragons
  5 yaks (D:8)
  3 water moccasins
  A swamp drake (D:8)
  An ice beast (D:6)
  A sky beast (D:6)
  3 black bears
  2 ogres
  3 centaurs
  A lemure (D:4)
  2 kobold brigands (D:8)
  4 bullfrogs (D:8)
  2 scorpions (D:6)
  8 wights (D:8)
  3 jellies
  5 hounds
  5 orc priests
  3 sleepcaps
  5 iguanas
  10 orc wizards
  3 gnolls (D:6)
  2 adders
  2 shadow imps
  3 white imps (D:8)
  A worm (D:2)
  A dart slug (D:3)
  29 orcs
  8 bats
  4 endoplasms
  2 giant cockroaches
  2 goblins
  9 hobgoblins
  9 jackals (D:3)
  2 kobolds
  3 ball pythons
  6 frilled lizards
  4 rats
172 creatures vanquished.

Vanquished Creatures (others)
  An orc (D:7)
1 creature vanquished.

Grand Total: 173 creatures vanquished

Table legend:
 A = Non-vault XP
 B = Vault XP
 C = Vault XP percentage of total XP
 D = Non-vault monster count
 E = Vault monster count
 F = Vault count percentage of total count
                 A         B        C        D         E       F
            +---------+---------+-------+---------+---------+-------
      Total |    4789 |    6571 |  57.8 |     142 |      29 |  17.0
            +---------+---------+-------+---------+---------+-------
        D:1 |      30 |       0 |   0.0 |      20 |       0 |   0.0
        D:2 |      12 |       0 |   0.0 |       6 |       0 |   0.0
        D:3 |     126 |       0 |   0.0 |      25 |       0 |   0.0
        D:4 |     398 |     830 |  67.6 |      12 |       3 |  20.0
        D:5 |     450 |       0 |   0.0 |      10 |       0 |   0.0
        D:6 |    1261 |     197 |  13.5 |      21 |       1 |   4.5
        D:7 |     581 |       0 |   0.0 |      19 |       0 |   0.0
        D:8 |    1931 |    5544 |  74.2 |      29 |      25 |  46.3
            +---------+---------+-------+---------+---------+-------

Illustrated notes

Table legend:
 A = Kills in this place as a percentage of kills in the entire game.
 B = Kills by you in this place as a percentage of kills by you in the entire game.
 C = Kills by friends in this place as a percentage of kills by friends in the entire game.
 D = Other kills in this place as a percentage of other kills in the entire game.
 E = Experience gained in this place as a percentage of experience gained in the entire game.
 F = Experience gained in this place divided by the number of levels of this place that you have seen.
                   A       B       C       D       E      F
               +-------+-------+-------+-------+-------+----------------------
         Total | 100.0 | 100.0 |   N/A |   N/A | 100.0 | 1262.2
       Dungeon | 100.0 | 100.0 |   N/A |   N/A | 100.0 | 1420.0
               +-------+-------+-------+-------+-------+----------------------

Table legend: (Time is in decaauts)
 A = Elapsed time spent in this place.
 B = Non-inter-level travel time spent in this place.
 C = Inter-level travel time spent in this place.
 D = Time resting spent in this place.
 E = Time spent auto-exploring this place.
 F = Levels seen in this place.
 G = Mean time per level.
                   A        B        C        D        E       F      G
               +--------+--------+--------+--------+--------+-----+--------+
         Total |   6904 |   6596 |    308 |    464 |   5049 |   9 |  767.1 |
       Dungeon |   6850 |   6560 |    290 |    464 |   5043 |   8 |  856.2 |
        Temple |     53 |     36 |     17 |      0 |      6 |   1 |   53.0 |
               +--------+--------+--------+--------+--------+-----+--------+

Top non-repeatable levels by time:
     D:8: 1288 daAuts
     D:7: 1284 daAuts
     D:5: 806 daAuts
     D:6: 766 daAuts
     D:3: 765 daAuts
     D:1: 720 daAuts
     D:2: 663 daAuts
     D:4: 554 daAuts
  Temple: 53 daAuts
